 Dungeon Crawl Stone Soup version 0.27-a0-1281-ge233d83751 (webtiles) character file.

Game seed: 9540119322723199742

2739 Zonian the Destroyer (level 9, -2/48 HPs)
             Began as a Tengu Conjurer on June 14, 2021.
             Was a Follower of Ru.
             Succumbed to a water moccasin's poison
             ... on level 6 of the Dungeon.
             The game lasted 00:15:16 (10485 turns).

Zonian the Destroyer (Tengu Conjurer)              Turns: 10485, Time: 00:15:16

Health: -2/48      AC:  2    Str:  8    XL:     9   Next: 68%
Magic:  16/20      EV: 15    Int: 22    God:    Ru [*.....]
Gold:   248        SH:  0    Dex: 12    Spells: 19/22 levels left

rFire    . . .     SeeInvis .   h - +2 rapier (protect)
rCold    . . .     Faith    .   (no shield)
rNeg     . . .     Spirit   .   a - +0 robe
rPois    .         Reflect  .   (helmet restricted)
rElec    .         Harm     .   (no cloak)
rCorr    .         Rampage  .   (no gloves)
Will     .....                  (boots unavailable)
Stlth    +++.......             (no amulet)
HPRegen  0.16/turn              (no ring)
MPRegen  0.17/turn              (no ring)

@: lethally poisoned (-2 -> -33), unable to drink, flying quickly and evasively,
quick
A: no potions, beak, talons 3, inability to drink while threatened, nimble
flight
a: Renounce Religion


You were on level 6 of the Dungeon.
You worshipped Ru.
Ru was aware of your devotion.
You visited 1 branch of the dungeon, and saw 6 of its levels.

You collected 248 gold pieces.

Inventory:

Hand Weapons
 d - a +0 short sword
 g - a +0 hunting sling
 h - a +2 rapier of protection (weapon)
 j - a +2 vampiric short sword
Missiles
 f - 18 poisoned darts
Armour
 a - a +0 robe (worn)
Jewellery
 c - a ring of resist corrosion
Wands
 n - a wand of polymorph (9)
 q - a wand of flame (43)
Scrolls
 e - a scroll of enchant armour
 k - a scroll of blinking
 m - a scroll of summoning
 o - a scroll of enchant weapon
 p - a scroll of magic mapping {unknown}
Potions
 b - 2 potions of haste
 i - a potion of attraction {unknown}
 l - a potion of lignification


   Skills:
 + Level 2.0 Fighting
 + Level 3.9 Short Blades
 + Level 4.1 Dodging
 + Level 5.3 Stealth
 + Level 7.2 Spellcasting
 + Level 11.0 Conjurations
 + Level 0.1 Evocations


You had 19 spell levels left.
You knew the following spells:

 Your Spells              Type           Power      Damage    Failure   Level
a - Magic Dart            Conj           100%       1d8       1%          1
b - Searing Ray           Conj           100%       3d7       1%          2

Your spell library contained the following spells:

 Spells                   Type           Power      Damage    Failure   Level
 Dazzling Flash           Conj/Hex       64%        N/A       2%          3
 Iskenderun's Battlesphe  Conj           54%        2d10      2%          5
 Fulminant Prism          Conj/Hex       16%        3d11      9%          4
 Iskenderun's Mystic Bla  Conj/Tloc      32%        2d8       9%          4
 Bolt of Magma            Conj/Fire/Erth 12%        4d8       43%         5
 Orb of Destruction       Conj           27%        9d11      58%         7
 Iron Shot                Conj/Erth      16%        9d4       77%         6
 Spellforged Servitor     Conj/Summ      16%        N/A       100%        7


Dungeon Overview and Level Annotations

Branches:
Dungeon (6/15)             Temple (0/1) D:6

Altars:
Ru

Shops:
D:3 (

Annotations:
D:2 1 runed translucent door, Crazy Yiuf
D:5 2 transporters, deletemesenpai's ghost, amateur HOFi


Innate Abilities, Weirdness & Mutations

You cannot drink.
You have a beak for a mouth.
You have claws for feet.
You sometimes lose the ability to drink potions when taking damage.
Your magical nature lets you fly swiftly and evasively.


Message History

A water moccasin comes into view.
The water moccasin moves out of view.
Things that are here:
a +0 mace; an orc corpse The water moccasin hisses angrily.
The water moccasin bites you but does no damage.
Found a scroll labelled ORAPUH NUXUDD.
Casting: Magic Dart (safe; 1% risk of failure)
Confirm with . or Enter, or press ? or * to list all spells.
Aiming: Searing Ray (safe; 1% risk of failure)
Press: ? - help, Shift-Dir - straight line, f - water moccasin
Aim: a water moccasin (72% to hit)
The searing ray hits the water moccasin!
The water moccasin is heavily wounded. (Press . to maintain the ray.)
The water moccasin bites you!
You feel threatened and lose the ability to drink potions!
You are poisoned.
The water moccasin poisons you!
The searing ray misses the water moccasin.
You feel very sick. The water moccasin bites you.
You are lethally poisoned!
The water moccasin poisons you!
Unknown command.
The searing ray hits the water moccasin.
The water moccasin is severely wounded.
* * * LOW HITPOINT WARNING * * *
You feel very sick. The water moccasin bites you!
* * * LOW HITPOINT WARNING * * *
You are more poisoned.
The water moccasin poisons you!
The water moccasin bites you but does no damage.
You cannot drink potions in your current state!
Blink to where?
Press: ? - help, Dir - move target, p - water moccasin
As you read the scroll of blinking, it crumbles to dust.
A kobold comes into view. It is wielding a +0 whip.
You die...

? #. ###### ##. .#....
#........... # ##...#.# #..##
#.#... ..###...###
.....##.......@.##
#..#.ยง##............ #..
#.##....S#.........###. #..#
#.....))#......(....## ....
#..###..).............#. ... #.
#..##......K.......# #.###
.....##...............####....
.##....##...K..............O...
.....# ##.............#.......


You could see a kobold brigand (wandering) and a kobold (wandering).

Vanquished Creatures
  A centaur zombie (D:6)
  Grinder (D:4)
  Sigmund (D:4)
  A wraith (D:5)
  Eustachio (D:4)
  Edmund (D:5)
  Duvessa (D:5)
  2 ice beasts
  A sky beast (D:6)
  3 ogres
  Blork the orc (D:5)
  2 scorpions
  A bullfrog (D:6)
  2 water moccasin skeletons
  A wyvern skeleton (D:5)
  Dowan (D:5)
  A bullfrog zombie (D:6)
  A hound (D:5)
  An orc priest (D:3)
  A bullfrog skeleton (D:6)
  3 jellies
  Ijyb (D:3)
  An iguana (D:5)
  Natasha (thrice) (D:3)
  5 orc wizards
  A hound zombie (D:5)
  A howler monkey zombie (D:5)
  7 adders
  A worm (D:3)
  2 dart slugs
  13 orcs
  4 endoplasms
  4 giant cockroaches
  4 goblins
  6 hobgoblins
  4 jackals (D:1)
  2 kobolds
  3 quokkas
  6 ball pythons
  A frilled lizard (D:2)
  5 rats
102 creatures vanquished.

Vanquished Creatures (others)
  2 fungi (D:2)
2 creatures vanquished.

Grand Total: 104 creatures vanquished

Notes
Turn   | Place    | Note
-------+----------+-------------------------------------------
     0 | D:1      | Zonian the Tengu Conjurer began the quest for the Orb.
     0 | D:1      | Reached XP level 1. HP: 10/10 MP: 4/4
   389 | D:1      | Reached XP level 2. HP: 15/15 MP: 1/6
   970 | D:1      | Reached skill level 6 in Conjurations
  1439 | D:2      | Reached XP level 3. HP: 15/19 MP: 2/7
  1442 | D:2      | Learned a level 2 spell: Searing Ray
  1802 | D:2      | Noticed a scorpion
  2287 | D:2      | Killed a scorpion
  2288 | D:2      | Reached skill level 7 in Conjurations
  2288 | D:2      | Reached XP level 4. HP: 22/24 MP: 0/8
  2682 | D:2      | Found a runed translucent door.
  2683 | D:2      | Noticed Crazy Yiuf
  2736 | D:3      | Gained mutation: Your magical nature lets you fly swiftly
                  | and evasively. [Tengu growth]
  2736 | D:3      | Reached XP level 5. HP: 28/28 MP: 3/9
  3341 | D:3      | Found a faded altar of an unknown god.
  3349 | D:3      | Found Pure's Weapon Boutique.
  3354 | D:3      | Became a worshipper of Ru the Awakened
  3357 | D:3      | Gained mutation: You sometimes lose the ability to drink
                  | potions when taking damage. [Ru sacrifice]
  3357 | D:3      | Reached * piety under Ru
  3664 | D:3      | Reached XP level 6. HP: 21/32 MP: 2/11
  3836 | D:3      | Noticed Ijyb
  3846 | D:3      | Killed Ijyb
  3951 | D:3      | Noticed Natasha
  3956 | D:3      | Killed Natasha
  3957 | D:3      | Reached skill level 8 in Conjurations
  4046 | D:3      | Noticed Natasha
  4055 | D:3      | Killed Natasha
  4486 | D:3      | Noticed Natasha
  4540 | D:3      | Killed Natasha
  5304 | D:4      | Noticed Sigmund
  5306 | D:4      | Noticed an ice beast
  5548 | D:4      | Noticed Eustachio
  5608 | D:4      | Noticed Grinder
  5620 | D:4      | Killed Grinder
  5621 | D:4      | Reached XP level 7. HP: 21/37 MP: 3/14
  5753 | D:4      | Reached skill level 9 in Conjurations
  5908 | D:4      | Killed Eustachio
  5909 | D:4      | Reached skill level 5 in Spellcasting
  6209 | D:4      | Killed Sigmund
  6210 | D:4      | Reached XP level 8. HP: 36/42 MP: 10/17
  6611 | D:5      | Entered Level 5 of the Dungeon
  6644 | D:5      | Noticed a wraith
  6652 | D:5      | Killed a wraith
  6653 | D:5      | Reached skill level 1 in Fighting
  6932 | D:5      | Reached skill level 10 in Conjurations
  7208 | D:5      | Found a transporter.
  7224 | D:5      | Noticed deletemesenpai's ghost (amateur HOFi)
  7242 | D:5      | Found a transporter.
  7617 | D:5      | Reached skill level 1 in Short Blades
  8243 | D:5      | Noticed Blork the orc
  8250 | D:5      | Noticed Dowan
  8255 | D:5      | Noticed Duvessa
  8259 | D:5      | Killed Blork the orc
  8260 | D:5      | Reached XP level 9. HP: 26/47 MP: 11/19
  8521 | D:5      | Noticed Edmund
  8866 | D:5      | HP: 1/47 [howler monkey zombie (4)]
  8867 | D:5      | Killed Edmund
  9226 | D:5      | Killed Dowan
  9607 | D:5      | Killed Duvessa
 10013 | D:6      | Reached skill level 5 in Stealth
 10117 | D:6      | Found a staircase to the Ecumenical Temple.
 10462 | D:6      | Reached skill level 11 in Conjurations
 10485 | D:6      | Succumbed to a water moccasin's poison

Illustrated notes

Levels and vault maps discovered:
D:1:      dpeg_arrival_ternary, layout_basic
D:2:      layout_rooms, uniq_crazy_yiuf_cottage
D:3:      layout_rooms, serial_shops, shop, hellmonk_ecumenical_altar_zigzags,
          uniq_ijyb, uniq_natasha
D:4:      layout_rooms, uniq_sigmund, uniq_grinder, uniq_eustachio
D:5:      layout_rooms, gammafunk_ghost_arena, uniq_edmund, uniq_blork_the_orc,
          uniq_duvessa
D:6:      layout_cave_pools, minmay_temple_entry_statues_pillars,
          roderic_batcave

Skill      XL: |  1  2  3  4  5  6  7  8  9 |
---------------+----------------------------+-----
Conjurations   | 6 7 8 9 10 11 | 11.0
Spellcasting   | 3 4 5 6 7 |  7.2
Stealth        | 3 4 5 |  5.3
Dodging        | 3 4 |  4.1
Fighting       | 1 2 |  2.0
Short Blades   | 1 3 |  3.9
Evocations     | |  0.1

Action                   |  1- 3 |  4- 6 |  7- 9 || total
-------------------------+-------+-------+-------++-------
Melee: Short sword       |     2 |       |       ||     2
       Rapier            |       |    17 |    64 ||    81
       Peck              |       |     4 |     7 ||    11
       Kick              |       |     3 |    11 ||    14
 Cast: Magic Dart        |    52 |    63 |    95 ||   210
       Searing Ray       |     1 |    11 |    25 ||    37
Invok: Sacrifice Drink   |       |     1 |       ||     1
Evoke: Wand              |       |       |     1 ||     1
  Use: Potion            |     1 |     1 |       ||     2
       Scroll            |       |       |     7 ||     7
 Stab: Sleeping          |       |       |     3 ||     3
Armor: Robe              |       |     4 |    39 ||    43
Dodge: Dodged            |    10 |    11 |    83 ||   104

Table legend: (Time is in decaauts)
 A = Elapsed time spent in this place.
 B = Non-inter-level travel time spent in this place.
 C = Inter-level travel time spent in this place.
 D = Time resting spent in this place.
 E = Time spent auto-exploring this place.
 F = Levels seen in this place.
 G = Mean time per level.
                   A        B        C        D        E       F      G
               +--------+--------+--------+--------+--------+-----+--------+
         Total |  10296 |  10054 |    242 |   6581 |   2434 |   6 | 1716.0 |
       Dungeon |  10296 |  10054 |    242 |   6581 |   2434 |   6 | 1716.0 |
               +--------+--------+--------+--------+--------+-----+--------+

Top non-repeatable levels by time:
     D:5: 2734 daAuts
     D:4: 2285 daAuts
     D:3: 2124 daAuts
     D:1: 1633 daAuts
     D:2: 1050 daAuts
     D:6: 467 daAuts
